AoeStats
← HAMADY

Arena

509147674Analyzed
4v4 RM · 7d ago on Sep 25, 2026· 37m 47s· 8 players
Game mode
Random Map
Map size
Large (8 player)
Population
200
Speed
Normal
Resources
Standard
Victory
Conquest
Starting age
Dark Age
Ending age
Imperial Age
RankedLock teamsTeams togetherTeam positionsShared explorationLock speedFull tech treeHidden civsTurbo modeCheats
Victory
Defeat
🇨🇦 Saracens · Canada
1511
+12
🇷🇺 Persians · Russia
1501
+13
🇧🇷 Armenians · Brazil
1492
+13
🇲🇽 Cumans · Mexico
1479
+13
🇯🇵 Ethiopians · Japan
1578
-18
🇹🇼 Mongols · Taiwan
1547
-17
🇯🇵 Persians · Japan
1309
-9
🇯🇵 Franks · Japan
1265
-7
RKs Raggz
8:03 Feudal Age
8:41 Double-Bit Axe
16:48 Loom
19:35 Castle Age
18:49 Scale Barding Armor
18:56 Bloodlines
19:25 Forging
19:05 Horse Collar
21:40 Iron Casting
22:33 Capped Ram
24:10 Chain Barding Armor
30:02 Wheelbarrow
30:43 Heavy Plow
34:12 Imperial Age
34:24 Cavalier
36:39 Blast Furnace
36:16 Plate Barding Armor
37:42 Hand Cart
AlzzStriker
10:10 Feudal Age
11:37 Double-Bit Axe
14:35 Castle Age
12:27 Horse Collar
15:41 Heavy Plow
20:29 Wheelbarrow
21:34 Bow Saw
21:19 Crossbowman
24:20 Ballistics
24:02 Fletching
24:13 Padded Archer Armor
24:24 Thumb Ring
25:20 Padded Archer Armor
27:17 Hand Cart
26:47 Loom
30:47 Imperial Age
31:38 Bodkin Arrow
31:04 Arbalester
32:50 Chemistry
33:24 Two-Man Saw
32:35 Bracer
33:50 Leather Archer Armor
33:53 Block Printing
33:49 Town Watch
35:21 Illumination
35:08 Fervor
35:25 Sanctity
35:58 Theocracy
MAZZUCCO
11:23 Feudal Age
15:34 Castle Age
13:59 Double-Bit Axe
13:55 Horse Collar
17:00 Bow Saw
16:52 Heavy Plow
17:37 Loom
22:35 Wheelbarrow
22:44 Heavy Plow
26:40 Hand Cart
27:04 Sanctity
26:50 Pikeman
27:32 Scale Mail Armor
27:54 Halberdier
28:34 Squires
30:46 Scale Mail Armor
34:16 Imperial Age
32:16 Arson
32:19 Gambesons
32:07 Man-at-Arms
33:23 Chain Mail Armor
33:19 Forging
33:16 Long Swordsman
35:30 Plate Mail Armor
35:36 Iron Casting
34:25 Capped Ram
34:45 Two-Handed Swordsman
35:44 Town Watch
36:12 Siege Ram
37:53 Fereters
38:08 Conscription
xxArMoRxx
10:05 Feudal Age
14:44 Castle Age
12:34 Double-Bit Axe
12:54 Horse Collar
15:56 Bow Saw
20:09 Fervor
20:39 Loom
21:12 Heavy Plow
22:37 Wheelbarrow
22:05 Town Watch
22:37 Stone Mining
23:21 Gold Mining
24:27 Hand Cart
29:03 Imperial Age
27:12 Scale Barding Armor
27:17 Forging
27:53 Gold Shaft Mining
27:46 Bloodlines
27:36 Husbandry
29:03 Chain Barding Armor
29:19 Iron Casting
29:23 Stone Shaft Mining
29:09 Cavalier
30:30 Plate Barding Armor
31:13 Conscription
32:15 Blast Furnace
31:06 Fletching
32:20 Ballistics
33:01 Chemistry
32:15 Squires
31:36 Pikeman
34:27 Hoardings
33:39 Light Cavalry
35:32 Halberdier
happikon.6139
10:00 Feudal Age
12:14 Double-Bit Axe
14:42 Castle Age
12:31 Horse Collar
15:59 Bow Saw
17:00 Wheelbarrow
19:55 Loom
21:16 Heavy Plow
23:06 Gold Mining
27:19 Imperial Age
24:31 Crossbowman
25:02 Fletching
25:39 Bodkin Arrow
27:30 Padded Archer Armor
28:30 Ballistics
28:26 Bracer
28:39 Town Watch
30:13 Chemistry
29:46 Thumb Ring
29:02 Arbalester
29:59 Leather Archer Armor
30:31 Thumb Ring
31:51 Chemistry
32:51 Ring Archer Armor
32:26 Capped Ram
33:47 Stone Mining
35:16 Siege Engineers
36:16 Gold Shaft Mining
HAMADY
11:53 Feudal Age
15:47 Castle Age
13:44 Double-Bit Axe
16:48 Wheelbarrow
17:14 Bow Saw
18:33 Loom
22:19 Hand Cart
24:38 Town Watch
30:44 Imperial Age
28:35 Scale Barding Armor
28:41 Forging
28:33 Husbandry
29:59 Chain Barding Armor
31:05 Cavalier
32:53 Plate Barding Armor
Tetsu.Japan
10:34 Feudal Age
13:19 Double-Bit Axe
15:39 Castle Age
13:34 Double-Bit Axe
14:26 Horse Collar
17:00 Bow Saw
17:21 Heavy Plow
20:52 Loom
22:05 Wheelbarrow
22:33 Stone Mining
24:45 Gold Mining
25:06 Town Watch
27:46 Fletching
30:33 Imperial Age
28:22 Hand Cart
28:28 Bodkin Arrow
28:48 Scale Barding Armor
29:45 Husbandry
29:57 Bloodlines
30:58 Chain Barding Armor
31:23 Conscription
31:43 Forging
33:16 Two-Man Saw
32:48 Crop Rotation
34:12 Plate Barding Armor
33:55 Devotion
35:53 Iron Casting
34:41 Elite War Elephant
35:03 Pikeman
35:44 Squires
35:47 Scale Mail Armor
35:56 Heavy Camel Rider
37:18 Bodkin Arrow
sci621
10:55 Feudal Age
14:36 Castle Age
12:24 Double-Bit Axe
12:20 Horse Collar
13:52 Gold Mining
15:46 Bow Saw
17:21 Gold Shaft Mining
17:26 Fletching
18:48 Wheelbarrow
17:59 Town Watch
21:29 Bodkin Arrow
21:50 Padded Archer Armor
24:09 Leather Archer Armor
28:14 Loom
Connection lost

Rejoining the realm…

Still unreachable

The connection could not be restored.

Session expired

The server has moved on; the page needs a fresh start.